 Dungeon Crawl Stone Soup version 0.23.0 (webtiles) character file.

Game seed: 9400107384776395529

16922 wolfsongas the Carver (level 12, 0/102 HPs)
             Began as a Demonspawn Fighter on Feb 17, 2019.
             Was an Initiate of Gozag.
             Slain by an eight-headed hydra (5 damage)
             ... on level 12 of the Dungeon.
             The game lasted 00:28:43 (12683 turns).

wolfsongas the Carver (Demonspawn Fighter)         Turns: 12683, Time: 00:28:44

Health: 0/102      AC: 24    Str: 23    XL:     12   Next: 14%
Magic:  12/12      EV:  8    Int: 12    God:    Gozag
Gold:   938        SH:  5    Dex: 16    Spells: 11/11 levels left

rFire    + . .     SeeInvis .   s - +2 great sword (protect)
rCold    . . .     Gourm    .   (shield currently unavailable)
rNeg     . . .     Faith    .   d - +1 chain mail {rF+}
rPois    +         Spirit   .   (no helmet)
rElec    .         Reflect  +   (no cloak)
rCorr    .         Harm     .   x - +1 pair of gloves {Dex+3}
MR       +....                  (no boots)
Stlth    ..........             n - +5 amulet of reflection
HPRegen  0.27/turn              l - ring of poison resistance
MPRegen  0.13/turn              k - +1 ring of slaying

@: protection aura
A: hooves 2, yellow scales 2, clever 1, demonic guardian 1, magic resistance 1,
powered by death 2, strong 1
a: Potion Petition, Call Merchant, Bribe Branch, Renounce Religion


You were on level 12 of the Dungeon.
You worshipped Gozag.
Gozag was pleased with you.
You were not hungry.

You visited 2 branches of the dungeon, and saw 13 of its levels.
You also visited: Bailey.

You collected 2770 gold pieces.
You spent 232 gold pieces at shops.
You paid 1600 gold pieces to Gozag.

Inventory:

Hand Weapons
 s - a +2 great sword of protection (weapon)
Armour
 d - a +1 chain mail of fire resistance (worn)
 x - a +1 pair of gloves of dexterity (worn)
Jewellery
 c - a +4 ring of evasion {unknown}
 k - a +1 ring of slaying (right hand)
 l - a ring of poison resistance (left hand)
 n - a +5 amulet of reflection (around neck)
 o - an uncursed ring of see invisible
 w - an uncursed ring of wizardry
Wands
 m - a wand of iceblast (6)
 r - a wand of flame (57)
 t - a wand of digging (3)
 v - a wand of paralysis (9)
Scrolls
 h - a scroll of amnesia
 i - 6 scrolls of teleportation
 j - 5 scrolls of remove curse
 p - 2 scrolls of enchant armour
Potions
 a - 2 potions of brilliance
 b - 3 potions of flight
 e - a potion of heal wounds
 g - 4 potions of curing
 q - 2 potions of magic
Comestibles
 f - 12 rations


   Skills:
 + Level 12.1 Fighting
 * Level 12.1 Long Blades
 + Level 9.1 Armour
   Level 2.6 Shields


You had 11 spell levels left.
You didn't know any spells.
Your spell library contained the following spells:

 Spells                   Type           Power        Failure   Level  Hunger
 Animate Skeleton         Necr           N/A          89%         1    ##.....
 Flame Tongue             Conj/Fire      #....        89%         1    ##.....
 Pain                     Necr           #...         89%         1    ##.....
 Summon Small Mammal      Summ           #...         89%         1    ##.....
 Call Imp                 Summ           #.......     96%         2    ###....
 Throw Flame              Conj/Fire      #.....       96%         2    ###....
 Call Canine Familiar     Summ           #.......     99%         3    ####...
 Conjure Flame            Conj/Fire      #.......     99%         3    ####...
 Inner Flame              Hex/Fire       #.......     99%         3    ####...
 Regeneration             Chrm/Necr      #.........   99%         3    ####...
 Summon Guardian Golem    Hex/Summ       #.......     99%         3    ####...
 Vampiric Draining        Necr           #.........   99%         3    ####...
 Animate Dead             Necr           N/A          100%        4    #####..
 Sticky Flame             Conj/Fire      #.......     100%        4    #####..
 Summon Ice Beast         Ice/Summ       #.......     100%        4    #####..
 Summon Lightning Spire   Summ/Air       #.......     100%        4    #####..
 Fireball                 Conj/Fire      #.........   100%        5    ######.


Dungeon Overview and Level Annotations

Branches:
Dungeon (12/15)            Temple (1/1) D:6            Lair (0/6) D:9
    Orc: D:9-12

Altars:
Ashenzari
Cheibriados
Dithmenos
Elyvilon
Fedhas
Gozag
Hepliaklqana
Kikubaaqudgha
Makhleb
Nemelex Xobeh
Okawaru
Qazlal
Ru
Sif Muna
Trog
Uskayaw
Vehumet
Wu Jian
Xom
Yredelemnul
Zin
The Shining One
Beogh

Shops:
D:7 (   D:11 [


Innate Abilities, Weirdness & Mutations

You have hoof-like feet.
You are mostly covered in yellow scales. (AC +3)
A weak demonic guardian rushes to your aid.
You regenerate health from kills.
Your mind is acute. (Int +2)
You are resistant to hostile enchantments. (MR+)
Your muscles are strong. (Str +2)


Message History

The seven-headed hydra bites you but does no damage. x2
You chop one of the seven-headed hydra's heads off!
The six-headed hydra grows two more!
You slice the eight-headed hydra!! You kick the eight-headed hydra.
The eight-headed hydra is almost dead.
Your iron imp hits the eight-headed hydra.
The eight-headed hydra bites your iron imp.
The eight-headed hydra barely misses your iron imp.
The eight-headed hydra bites your iron imp!
Your iron imp dies!
You block the eight-headed hydra's attack.
The eight-headed hydra bites you but does no damage.
The eight-headed hydra barely misses you. x2
The eight-headed hydra bites you!
* * * LOW HITPOINT WARNING * * *
You hit the eight-headed hydra.
The eight-headed hydra is almost dead.
The eight-headed hydra bites you.
You die...
Your body crumbles into a pile of gold.

#........# #..# #.. #
#........# #..# #.. #.
#........# #..# #..
###..####........####..#####..
.(.................D........%.
.......(((....[...............
#####..#####.)######..######..
#.. #$D# #..# #.. #.. #.@#
#..# #..
#..#####$$######..######..
.....................$....
...............$$.....$$$..
J.######..####........###..
#..# #........# #.. #..#
#.......$# #.. #..# #........#
#.. #..# #....$...# #..


You could see an eight-headed hydra.

Vanquished Creatures
  A hydra (D:8)
  A two-headed ogre (D:10)
  A death knight (D:7)
  Nergalle (D:10)
  An ugly thing (D:8)
  A centaur zombie (D:11)
  3 trolls
  A hornet (D:7)
  2 hippogriffs
  3 dream sheep (D:8)
  7 slime creatures
  2 wraiths
  11 yaks
  Menkaure (D:4)
  A water moccasin (D:11)
  9 orc warriors
  3 ice beasts
  4 phantoms
  An eye of draining (D:11)
  A black bear (D:10)
  4 sky beasts
  9 centaurs
  A necrophage (D:8)
  An ogre (D:5)
  4 big kobolds
  6 bullfrogs
  7 gnoll sergeants (Bailey)
  A wyvern zombie (D:11)
  2 scorpions
  3 howler monkeys
  A bullfrog zombie (D:8)
  4 crimson imps
  4 quasits
  2 jellies
  12 hounds
  14 orc priests
  5 centaur skeletons
  6 gnoll shamans (Bailey)
  2 bullfrog skeletons (D:7)
  7 iguanas
  6 worker ants
  15 orc wizards
  A hound zombie (D:7)
  2 hound skeletons
  A worker ant zombie (D:11)
  17 gnolls
  16 adders
  2 shadow imps (D:8)
  An ooze (D:6)
  2 adder zombies
  2 adder skeletons
  2 worms
  2 dart slugs
  4 leopard geckos
  73 orcs
  3 ball pythons
  6 giant cockroaches
  6 goblins
  3 hobgoblins
  9 jackals
  14 kobolds
  11 quokkas
  8 bats
  6 frilled lizards
  A leopard gecko skeleton (D:5)
  3 quokka skeletons
  12 rats
  A spectral orc (D:5)
379 creatures vanquished.

Vanquished Creatures (collateral kills)
  Erolcha (D:10)
  2 slime creatures (D:12)
  A yak (D:8)
  An ogre (D:6)
  A sky beast (D:6)
  A phantom (D:11)
  A centaur (D:11)
  A big kobold (D:8)
  A bullfrog (D:6)
  A gnoll sergeant (Bailey)
  A crimson imp (D:6)
  2 orc wizards
  A howler monkey skeleton (D:10)
  An adder (D:11)
  A worm (D:6)
  8 orcs
  A quokka (D:11)
  A kobold (D:11)
27 creatures vanquished.

Vanquished Creatures (others)
  4 dream sheep (D:8)
  2 orc wizards
  4 plants (D:7)
10 creatures vanquished.

Grand Total: 416 creatures vanquished

Notes
Turn   | Place    | Note
-------+----------+-------------------------------------------
     0 | D:1      | wolfsongas the Demonspawn Fighter began the quest for the
                  | Orb.
     0 | D:1      | Reached XP level 1. HP: 18/18 MP: 1/1
    85 | D:1      | Gained mutation: You are partially covered in yellow
                  | scales. (AC +2) [demonic ancestry]
    85 | D:1      | Reached XP level 2. HP: 22/24 MP: 2/2
   593 | D:1      | Gained mutation: You are mostly covered in yellow scales.
                  | (AC +3) [demonic ancestry]
   593 | D:1      | Reached XP level 3. HP: 28/30 MP: 3/3
  1310 | D:2      | Reached XP level 4. HP: 38/38 MP: 4/4
  1380 | D:3      | Reached skill level 5 in Fighting
  2203 | D:3      | Reached XP level 5. HP: 44/46 MP: 5/5
  2648 | D:4      | Noticed a phantom
  2688 | D:4      | Killed a phantom
  2688 | D:4      | Reached XP level 6. HP: 12/55 MP: 6/6
  2955 | D:4      | Found a white marble altar of Elyvilon.
  2987 | D:4      | Noticed Menkaure
  2992 | D:4      | Killed Menkaure
  3503 | D:4      | Gained mutation: You have large cloven feet. [demonic
                  | ancestry]
  3503 | D:4      | Reached XP level 7. HP: 62/62 MP: 7/7
  3711 | D:4      | HP: 2/62 [orc priest/nerve-wracking pain (5)]
  3713 | D:4      | Gained mutation: Your mind is acute. (Int +2) [potion of
                  | mutation]
  3713 | D:4      | Gained mutation: Your muscles are strong. (Str +2) [potion
                  | of mutation]
  3713 | D:4      | Gained mutation: You are resistant to hostile enchantments.
                  | (MR+) [potion of mutation]
  4221 | D:5      | Entered Level 5 of the Dungeon
  4482 | D:5      | Gained mutation: A weak demonic guardian rushes to your
                  | aid. [demonic ancestry]
  4482 | D:5      | Reached XP level 8. HP: 44/69 MP: 8/8
  5135 | D:5      | Found a basalt altar of Yredelemnul.
  5203 | D:6      | Reached skill level 5 in Long Blades
  5304 | D:6      | Found a staircase to the Ecumenical Temple.
  5329 | Temple   | Entered the Ecumenical Temple
  5408 | Temple   | Became a worshipper of Gozag Ym Sagoz the Greedy
  5639 | D:6      | Found an ornate altar of the Wu Jian Council.
  6154 | D:7      | Reached XP level 9. HP: 63/76 MP: 9/9
  6175 | D:7      | Reached skill level 5 in Armour
  6635 | D:7      | Found Tiofukk's Antique Weapon Boutique.
  6706 | D:7      | Found a deep blue altar of Sif Muna.
  7161 | D:7      | Paralysed by a hornet for 2 turns
  7504 | D:7      | Noticed a death knight
  7529 | D:7      | Killed a death knight
  7529 | D:7      | Reached skill level 10 in Fighting
  8165 | D:8      | Gained mutation: You regenerate a little health from kills.
                  | [demonic ancestry]
  8165 | D:8      | Reached XP level 10. HP: 72/85 MP: 10/10
  8204 | D:8      | Found a hazy altar of Hepliaklqana.
  8508 | D:8      | Noticed a purple ugly thing
  8538 | D:8      | Killed a purple ugly thing
  8956 | D:8      | Found a shimmering altar of Xom.
  9382 | D:8      | Noticed a three-headed hydra
  9394 | D:8      | Killed a nine-headed hydra
  9674 | D:9      | Found a staircase to the Lair.
  9899 | D:9      | Found a roughly hewn altar of Beogh.
 10002 | D:9      | Reached skill level 10 in Long Blades
 10208 | D:10     | Entered Level 10 of the Dungeon
 10247 | D:10     | Noticed a two-headed ogre
 10253 | D:10     | Killed a two-headed ogre
 10253 | D:10     | Gained mutation: You have hoof-like feet. [demonic
                  | ancestry]
 10253 | D:10     | Reached XP level 11. HP: 59/93 MP: 11/11
 10383 | D:10     | Noticed Erolcha
 10383 | D:10     | Noticed Nergalle
 10384 | D:10     | Found a flagged portal.
 10388 | D:10     | Killed Nergalle
 10390 | D:10     | Killed Erolcha
 10464 | Bailey   | Entered a bailey
 12465 | D:11     | Gained mutation: You regenerate health from kills. [demonic
                  | ancestry]
 12465 | D:11     | Reached XP level 12. HP: 66/102 MP: 12/12
 12630 | D:12     | Noticed a five-headed hydra
 12653 | D:11     | Bought a pair of glowing gloves for 232 gold pieces
 12682 | D:12     | HP: 5/102 [eight-headed hydra (9)]
 12683 | D:12     | Slain by an eight-headed hydra

Skill      XL: |  1  2  3  4  5  6  7  8  9 10 11 12 |
---------------+-------------------------------------+-----
Fighting       | 4 5 7 8 9 10 11 12 | 12.1
Long Blades    | 4 6 8 10 11 12 | 12.1
Armour         | 3 4 6 7 8 9 |  9.1
Shields        | |  2.6

Action                   |  1- 3 |  4- 6 |  7- 9 | 10-12 || total
-------------------------+-------+-------+-------+-------++-------
Melee: Long sword        |   169 |   204 |   375 |   227 ||   975
       Kick              |       |       |   129 |   241 ||   370
       Great sword       |       |       |       |   452 ||   452
Invok: Potion Petition   |       |       |     1 |     1 ||     2
       Call Merchant     |       |       |       |     1 ||     1
Evoke: Wand              |       |       |       |     5 ||     5
  Use: Scroll            |     4 |     3 |     6 |    15 ||    28
       Potion            |     1 |     3 |     7 |     5 ||    16
 Stab: Invisible         |       |       |       |     2 ||     2
       Distracted        |       |       |       |     4 ||     4
  Eat: Ration            |     1 |     2 |     5 |     4 ||    12
Armor: Scale mail        |    94 |   135 |   121 |       ||   350
       Chain mail        |       |       |    71 |   467 ||   538
       Skin              |       |       |     5 |    36 ||    41
Dodge: Dodged            |    46 |    78 |    96 |   263 ||   483
Block: Shield            |   102 |   158 |   196 |    87 ||   543
       Other             |       |       |       |    88 ||    88
       Reflection        |       |       |       |     3 ||     3
       Rpst.: Long sword |    11 |    24 |    25 |    10 ||    70
       Great sword       |       |       |       |    49 ||    49
